 Dungeon Crawl Stone Soup version 0.21-a0-153-g78480df (webtiles) character file.

24854 qqqbard the Basher (level 13, -1/82 HPs)
             Began as a Gargoyle Gladiator on July 31, 2017.
             Was a High Priest of Trog.
             Killed from afar by a starcursed mass (7 damage)
             ... with an accursed screaming
             ... on level 3 of the Abyss.
             The game lasted 00:25:59 (13999 turns).

qqqbard the Basher (Gargoyle Gladiator)            Turns: 13999, Time: 00:25:59

Health: -1/82      AC: 29    Str: 25      XL:     13   Next: 15%
Magic:  13/13      EV: 23    Int:  7 (10) God:    Trog [*****.]
Gold:   633        SH:  7    Dex: 12      Spells: 12/12 levels left

rFire    . . .     SeeInvis .   A - +5 mace
rCold    + + +     Gourm    .   s - +1 buckler
rNeg     + . .     Faith    .   J - +1 scale mail "Iphewn" {rC+++ Str+4} (curse)
rPois    ∞         Spirit   .   e - +2 hat
rElec    +         Reflect  .   O - +0 cloak
rCorr    .         Harm     .   L - +0 pair of gloves
MR       .....     Rnd*Rage +   S - +2 pair of boots
Stlth    ..........             (no amulet)
HPRegen  0.23/turn              n - +5 ring of evasion
MPRegen  0.13/turn              I - +4 ring of evasion

@: berserk cooldown, slowed, very slow
A: iridescent scales 1, berserk 1, negative energy resistance 1, electricity
resistance, unbreathing, petrification resistance, no potion heal 1, rot
immunity, AC +9
a: Berserk, Trog's Hand, Brothers in Arms, Burn Spellbooks, Renounce Religion


You were on level 3 of the Abyss.
You worshipped Trog.
Trog was extremely pleased with you.
You were not hungry.

You visited 2 branches of the dungeon, and saw 14 of its levels.
You visited the Abyss 1 time.
You also visited: Sewer.

You collected 876 gold pieces.
You spent 243 gold pieces at shops.

Inventory:

Hand Weapons
 q - a +3 mace of draining
 A - a +5 mace (weapon)
Missiles
 d - a throwing net (quivered)
Armour
 e - a +2 hat (worn)
 j - a +0 plate armour
 s - a +1 buckler (worn)
 J - the cursed +1 scale mail "Iphewn" (worn) {rC+++ Str+4}
   (You bought it in a shop on level 8 of the Dungeon)

   It affects your strength (+4).
   It renders you almost immune to cold.
   It has a curse placed upon it.
 L - a +0 pair of gloves (worn)
 O - a +0 cloak (worn)
 S - a +2 pair of boots (worn)
Jewellery
 c - a cursed ring of loudness {unknown}
 i - an uncursed ring of ice
 k - an uncursed ring of positive energy
 n - a +5 ring of evasion (left hand)
 x - an uncursed amulet of regeneration {unknown}
 I - a +4 ring of evasion (right hand)
 M - a +3 amulet of reflection {unknown}
Wands
 u - a wand of flame (25/48)
 G - a wand of random effects (21/48)
 H - a wand of acid (6/15)
 T - a wand of paralysis (11/24)
Scrolls
 a - a scroll of enchant weapon
 b - 2 scrolls of teleportation
 h - 14 scrolls of identify
 r - 9 scrolls of remove curse
 B - a scroll of enchant armour
 C - a scroll of immolation
 D - 2 scrolls of recharging
Potions
 g - 5 potions of curing
 l - 2 potions of lignification {unknown}
 m - 2 potions of resistance {unknown}
 p - 6 potions of might {unknown}
 v - 3 potions of flight {unknown}
 z - a potion of magic {unknown}
 E - a potion of agility {unknown}
 P - a potion of cancellation {unknown}
 Q - a potion of mutation {unknown}
 X - 12 potions of degeneration
Books
 o - a book of Debilitation

   Spells                             Type                      Level
   a - Corona                         Hexes                        1
   b - Slow                           Hexes                        2
   c - Inner Flame                    Hexes/Fire                   3
   d - Portal Projectile              Hexes/Translocation          3
   e - Cause Fear                     Hexes                        4
   f - Leda's Liquefaction            Hexes/Earth                  4
   Trog disapproves of the use of such an item.
 y - a Young Poisoner's Handbook

   Spells                             Type                      Level
   a - Sting                          Conjuration/Poison           1
   b - Poisonous Vapours              Poison/Air                   2
   c - Mephitic Cloud                 Conjuration/Poison/Air       3
   d - Olgreb's Toxic Radiance        Poison                       4
   e - Venom Bolt                     Conjuration/Poison           5
   Trog disapproves of the use of such an item.
 U - a book of Power

   Spells                             Type                      Level
   a - Iskenderun's Battlesphere      Conjuration/Charms           5
   b - Venom Bolt                     Conjuration/Poison           5
   c - Bolt of Magma                  Conjuration/Fire/Earth       5
   d - Iron Shot                      Conjuration/Earth            6
   e - Orb of Destruction             Conjuration                  7
   f - Spellforged Servitor           Conjuration/Summoning        7
   Trog disapproves of the use of such an item.
Comestibles
 f - 8 bread rations
 t - 6 meat rations
 R - 10 royal jellies


   Skills:
 + Level 10.1 Fighting
 * Level 12.8 Maces & Flails
 - Level 1.7 Throwing
 + Level 9.6 Armour
 + Level 8.1 Dodging
 + Level 9.7 Shields


You had 12 spell levels left.
You didn't know any spells.

Dungeon Overview and Level Annotations

Branches:
Dungeon (13/15)            Temple (1/1) D:7            Lair (0/6) D:9
    Orc (0/2) D:12
 Vaults: D:13-14

Altars:
Ashenzari
Cheibriados
Dithmenos
Elyvilon
Fedhas
Gozag
Hepliaklqana
Kikubaaqudgha
Makhleb
Nemelex Xobeh
Okawaru
Qazlal
Ru
Sif Muna
Trog
Uskayaw
Vehumet
Wu Jian
Xom
Yredelemnul
Zin
The Shining One

Shops:
D:5 ?   D:8 **   D:10 [   D:13 !

Portals:
Trove: D:10 (give 5 potions of resistance)

Annotations:
D:13 Louise


Innate Abilities, Weirdness & Mutations

You are resistant to torment.
Your stone body is resilient. (AC +9)
You are immune to poison.
You resist negative energy. (rN+)
You are resistant to electric shocks. (rElec)
You can survive without breathing.
You are immune to petrification.
You are immune to rotting.
You are partially covered in iridescent scales. (AC +2)
You tend to lose your temper in combat.
Potions are less effective at restoring your health.


Message History

Your system partially rejects the healing.
You feel much better. The starcursed mass misses you.
Your system partially rejects the healing.
You feel much better. The starcursed mass barely misses you.
A cacophony of accursed wailing tears at your sanity!
You suddenly lose the ability to move!
The starcursed mass engulfs you!
The starcursed mass engulfs you but does no damage.
You can move again.
A starcursed mass splits.
A cacophony of accursed wailing tears at your sanity!
The starcursed mass engulfs you but does no damage.
A deafening chorus of shrieks assaults your mind!
* * * LOW HITPOINT WARNING * * *
The starcursed mass engulfs you but does no damage.
A chorus of shrieks assaults your mind.
* * * LOW HITPOINT WARNING * * *
A raiju comes into view.
The raiju barks!
A chorus of shrieks assaults your mind.
You die...

# ....
...........###.# #
.≈.≈#.### #...#.#.#
.###..≈
XX#####.#..##.# ≈ ..
. ..XZXX..X...###
.###.....X.#####...#
. .. .≈.≈#. ##X..#
#. .## #.≈......
#...## # #
#.≈.≈#######XX.# #.
#.#.## #@..# #
#......h.......#
.#........#...# .
#.###.#..... #
#...#.# ....#.#
#..## # #...


You could see 4 starcursed masses and a raiju.

Vanquished Creatures
  A hydra (D:13)
  The ghost of mandarbmax the Spear-Bearer, a journeyman MfGl of Uskayaw (D:13)
  3 centaur warriors
  Erica (D:8)
  2 two-headed ogres
  Urug (D:13)
  A hell knight (D:13)
  An unseen horror (D:12)
  The ghost of qqqbard the Cruncher, a novice GrGl of Okawaru (D:8)
  A large abomination (Abyss:3)
  2 orc knights (D:13)
  A wolf spider zombie (D:11)
  2 manticores (D:12)
  2 cyclopes (D:12)
  3 ugly things
  A centaur skeleton (D:10)
  A gargoyle (D:13)
  A kobold demonologist (D:12)
  An ancient zyme (Abyss:3)
  A troll (D:12)
  A queen bee (D:10)
  A centaur simulacrum (D:13)
  3 wraiths
  A water elemental (D:11)
  3 wyverns
  A steam dragon (D:8)
  8 yaks (D:13)
  2 hungry ghosts
  2 neqoxecs (Abyss:3)
  4 vampire mosquitoes
  Duvessa (D:7)
  3 black bears
  3 phantoms
  A swamp drake (D:12)
  5 ice beasts
  3 eyes of draining
  An orc warrior (D:11)
  9 ogres
  5 centaurs
  7 sky beasts
  A crocodile (D:13)
  3 big kobolds
  8 bullfrogs
  A wyvern zombie (D:13)
  A gnoll sergeant (D:9)
  Dowan (D:7)
  4 scorpions
  24 killer bees
  3 electric eels (D:11)
  14 wights
  3 crimson imps
  2 centaur zombies
  5 jellies
  8 orc priests
  4 hounds
  4 bullfrog skeletons
  Natasha (twice) (D:3)
  3 iguanas
  10 orc wizards
  12 worker ants
  7 gnolls
  6 river rats (Sewer)
  A worker ant zombie (D:10)
  18 adders
  4 shadow imps
  A white imp (Abyss:3)
  An ufetubus (Abyss:3)
  An ooze (D:1)
  An adder zombie (D:8)
  An adder skeleton (D:8)
  A worm (D:3)
  3 dart slugs (D:1)
  The ghost of regis the Conjurer, a weakling HuCj (D:4)
  14 leopard geckos
  36 orcs
  2 ball pythons (Sewer)
  10 bats
  4 giant cockroaches
  12 goblins
  8 hobgoblins
  5 jackals (D:2)
  24 kobolds
  5 quokkas
  12 frilled lizards
  2 jackal skeletons (D:4)
  A leopard gecko skeleton (D:8)
  27 rats
413 creatures vanquished.

Vanquished Creatures (others)
  An orc (D:12)
  4 starspawn tentacles (Abyss:3)
5 creatures vanquished.

Grand Total: 418 creatures vanquished

Notes
Turn   | Place    | Note
-------+----------+-------------------------------------------
     0 | D:1      | qqqbard the Gargoyle Gladiator began the quest for the Orb.
     0 | D:1      | Reached XP level 1. HP: 12/12 MP: 1/1
    56 | D:1      | Reached skill level 1 in Armour
   360 | D:1      | Reached XP level 2. HP: 18/18 MP: 2/2
   452 | D:1      | Reached XP level 3. HP: 22/22 MP: 3/3
  1082 | D:2      | Reached XP level 4. HP: 24/27 MP: 4/4
  1117 | D:2      | Reached skill level 4 in Maces & Flails
  1627 | D:2      | Reached XP level 5. HP: 32/32 MP: 5/5
  1673 | D:2      | Got a translucent ring mail
  1684 | D:2      | Identified the +3 ring mail of Indemnity {rC+ Int+4} (You found it on level 2 of the Dungeon)
  1888 | D:2      | Found a radiant altar of Vehumet.
  2093 | D:3      | Noticed Natasha
  2098 | D:3      | Killed Natasha
  2539 | D:3      | Reached XP level 6. HP: 37/37 MP: 6/6
  2554 | D:3      | Found a burning altar of Makhleb.
  2574 | D:3      | Noticed Natasha
  2581 | D:3      | Killed Natasha
  2581 | D:3      | Reached skill level 1 in Shields
  2782 | D:4      | Noticed regis's ghost (weakling HuCj)
  2789 | D:4      | Killed regis's ghost
  2872 | D:4      | Found a sacrificial altar of Ru.
  3355 | D:5      | Entered Level 5 of the Dungeon
  3399 | D:5      | Found Ivit's Magic Scroll Boutique.
  3443 | D:5      | Reached skill level 5 in Maces & Flails
  3443 | D:5      | Reached XP level 7. HP: 36/43 MP: 7/7
  4087 | D:6      | Reached XP level 8. HP: 48/48 MP: 8/8
  4141 | D:6      | Reached skill level 6 in Maces & Flails
  4182 | D:6      | Found a glowing drain.
  4227 | Sewer    | Entered a sewer
  4518 | Sewer    | Reached skill level 5 in Fighting
  5221 | D:6      | Found an ancient bone altar of Kikubaaqudgha.
  5224 | D:6      | Found a snail-covered altar of Cheibriados.
  5227 | D:6      | Found a hazy altar of Hepliaklqana.
  5353 | D:6      | Reached skill level 7 in Maces & Flails
  5699 | D:7      | Found a staircase to the Ecumenical Temple.
  5757 | Temple   | Entered the Ecumenical Temple
  5903 | Temple   | Became a worshipper of Trog the Wrathful
  5929 | D:7      | Noticed Duvessa
  5930 | D:7      | Noticed Dowan
  5939 | D:7      | Killed Duvessa
  5939 | D:7      | Reached XP level 9. HP: 52/54 MP: 9/9
  5948 | D:7      | Killed Dowan
  6305 | D:7      | Reached skill level 5 in Armour
  6305 | D:7      | Reached skill level 5 in Shields
  6549 | D:8      | Noticed Erica
  6567 | D:8      | Killed Erica
  6567 | D:8      | Reached skill level 8 in Maces & Flails
  6567 | D:8      | Reached skill level 5 in Dodging
  6654 | D:8      | Reached XP level 10. HP: 48/61 MP: 10/10
  6778 | D:8      | Reached * piety under Trog
  6789 | D:8      | Reached skill level 9 in Maces & Flails
  6823 | D:8      | Found Zin's Purification Station.
  6834 | D:8      | Found a glowing silver altar of Zin.
  6909 | D:8      | Noticed qqqbard's ghost (novice GrGl)
  6992 | D:8      | Killed qqqbard's ghost
  7194 | D:8      | Found Iddeitad's Assorted Antiques.
  7202 | D:8      | Bought a pitted scale mail for 243 gold pieces
  7212 | D:8      | Identified the cursed +1 scale mail "Iphewn" {rC+++ Str+4} (You bought it in a shop on level 8 of the Dungeon)
  7467 | D:9      | Found a staircase to the Lair.
  8188 | D:10     | Entered Level 10 of the Dungeon
  8215 | D:10     | Found Qushuogo's Armour Shoppe.
  8296 | D:10     | Found a portal to a secret trove of treasure.
  8358 | D:10     | Reached ** piety under Trog
  8386 | D:10     | Reached skill level 10 in Maces & Flails
  8406 | D:10     | Reached XP level 11. HP: 34/68 MP: 11/11
  8620 | D:10     | Noticed a two-headed ogre
  8645 | D:10     | Killed a two-headed ogre
  8979 | D:11     | Noticed a cyan ugly thing
  8996 | D:11     | Killed a cyan ugly thing
 10229 | D:12     | Noticed a white ugly thing
 10253 | D:12     | Killed a white ugly thing
 10288 | D:12     | Reached *** piety under Trog
 10330 | D:12     | Noticed a cyclops
 10346 | D:12     | Killed a cyclops
 10361 | D:12     | Noticed a centaur warrior
 10386 | D:12     | Killed a centaur warrior
 10386 | D:12     | Reached skill level 11 in Maces & Flails
 10469 | D:12     | Noticed a manticore
 10487 | D:12     | Killed a manticore
 10506 | D:12     | Noticed a purple ugly thing
 10523 | D:12     | Killed a purple ugly thing
 10608 | D:12     | Reached XP level 12. HP: 42/75 MP: 12/12
 10628 | D:12     | Noticed a centaur warrior
 10675 | D:12     | Killed a centaur warrior
 10990 | D:12     | Found a staircase to the Orcish Mines.
 11386 | D:12     | Reached **** piety under Trog
 11898 | D:13     | Reached skill level 12 in Maces & Flails
 11939 | D:13     | Noticed a centaur warrior
 11953 | D:13     | Killed a centaur warrior
 12027 | D:13     | Noticed a five-headed hydra
 12049 | D:13     | Killed a five-headed hydra
 12338 | D:13     | Noticed mandarbmax's ghost (journeyman MfGl)
 12340 | D:13     | Found Emizik's Distillery.
 12341 | D:13     | Noticed Urug
 12850 | D:12     | Noticed a two-headed ogre
 12864 | D:12     | Killed a two-headed ogre
 13089 | D:12     | Reached ***** piety under Trog
 13297 | D:13     | Killed mandarbmax's ghost
 13530 | D:13     | Reached XP level 13. HP: 68/82 MP: 13/13
 13545 | D:13     | Noticed Louise
 13588 | D:13     | Killed Urug
 13588 | D:13     | Reached skill level 10 in Fighting
 13611 | D:13     | Cast into level 3 of the Abyss (Louise)
 13669 | Abyss:3  | Noticed a tentacled starspawn
 13715 | Abyss:3  | Found a corrupted altar of Lugonu.
 13754 | Abyss:3  | Gained mutation: Potions are less effective at restoring your health. [a neqoxec]
 13838 | Abyss:3  | Gained mutation: You tend to lose your temper in combat. [a neqoxec]
 13840 | Abyss:3  | Gained mutation: You are partially covered in iridescent scales. (AC +2) [a neqoxec]
 13847 | Abyss:3  | Noticed a cacodemon
 13860 | Abyss:3  | Noticed a starcursed mass
 13965 | Abyss:3  | Noticed a starcursed mass
 13982 | Abyss:3  | Paralysed by accursed screaming for 2 turns
 13986 | Abyss:3  | Paralysed by accursed screaming for 2 turns
 13991 | Abyss:3  | Paralysed by accursed screaming for 2 turns
 13999 | Abyss:3  | Killed from afar by a starcursed mass

Vault maps used:
D:1:      eino_arrival_tree_alley
D:2:      minmay_diamond_boxcup, nicolae_overflow_crystal_walls, first_bread
D:3:      makhleb_blood_cavern_becter, uniq_natasha
D:4:      minmay_door_path, nicolae_ru_great_annihilating_truth
D:5:      serial_shops, shop
D:6:      grunt_temple_overflow_diamond, gup_sewer_entry_pipe,
          nrook_loot_triangle
D:7:      minmay_temple_entry_junction_2, minmay_item_behind_shaft, uniq_duvessa
D:8:      zin_purify, serial_shops, shop, uniq_erica
D:9:      lair_entry_dummy
D:10:     serial_shops, shop, serial_glass, glass_columns_c, glass_columns_a,
          enter_trove_0, david_nohive_1, patterned_corridor
D:12:     erik_orc_1
D:13:     serial_shops, shop, sword_in_stone
Temple:   nicolae_temple_elliptical
Abyss:3:  evilmike_abyss_rune_elephants_shrine, minivault_4, minivault_5
Sewer:    sewer_minmay_treatment

Skill      XL: |  1  2  3  4  5  6  7  8  9 10 11 12 13 |
---------------+----------------------------------------+-----
Armour         | 1 2 3 4 5 7 8 9 |  9.6
Fighting       | 3 4 5 6 7 8 9 10 | 10.1
Maces & Flails | 4 5 7 8 10 11 12 | 12.8
Dodging        | 3 4 5 6 7 8 |  8.1
Shields        | 2 3 4 5 7 8 9 |  9.7
Throwing       | |  1.7

Action                   |  1- 3 |  4- 6 |  7- 9 | 10-12 | 13-15 || total
-------------------------+-------+-------+-------+-------+-------++-------
Melee: Flail             |    65 |   127 |       |       |       ||   192
       Mace              |       |   120 |   462 |  1276 |   120 ||  1978
Throw: Throwing net      |       |       |       |       |     3 ||     3
  Use: Scroll            |       |       |     5 |    10 |     2 ||    17
       Potion            |       |       |       |     2 |     6 ||     8
 Stab: Paralysed         |       |     1 |       |       |       ||     1
       Confused          |       |       |       |     2 |       ||     2
       Held in net/web   |       |       |       |       |     5 ||     5
  Eat: Chunk             |     1 |     7 |    11 |    25 |       ||    44
       Fruit             |       |       |       |       |     3 ||     3
Armor: Leather armour    |    28 |    33 |       |       |       ||    61
       Ring mail         |       |    38 |   159 |    37 |       ||   234
       Scale mail        |       |       |       |   309 |    41 ||   350
Dodge: Dodged            |    55 |   250 |   406 |  1030 |    98 ||  1839
Block: Buckler           |       |       |     6 |   382 |    27 ||   415
